TOP OF THE 1ST |
Orlando Calrissian batting - Pitching for Boston Rebels : RHP Rusty van Rhee
|
Pitching: RHP Rusty van Rhee
|
|
Batting: RHB José Pérez
|
0-0: Ball 1-0: Called Strike 1-1: Ball 2-1: Ball 3-1: Called Strike 3-2: Fly out, F9 (Flyball, 89M)
|
Batting: SHB Cristo Ontiveros
|
0-0: Ball 1-0: Ball 2-0: Ball 3-0: Called Strike 3-1: Foul Ball, location: 2F 3-2: SINGLE (Groundball, 34D)
|
Batting: RHB Rich Anderson
|
0-0: 2-RUN HOME RUN (Flyball, 8LXD), Distance : 411 ft
|
Batting: SHB Tim Abbott
|
0-0: Ball 1-0: Called Strike 1-1: DOUBLE (Groundball, 3L)
|
Batting: LHB Santiago Márquez
|
0-0: Ball 1-0: Ball 2-0: SINGLE (Line Drive, 7LS) Tim Abbott to third
|
Batting: RHB Frederico Hernández
|
0-0: Ball 1-0: Ball Wild Pitch! Tim Abbott scores Santiago Márquez to second 2-0: Foul Ball, location: 2F 2-1: Called Strike 2-2: Strikes out swinging
|
Batting: RHB Júlio Negrón
|
0-0: Called Strike 0-1: Ball 1-1: Swinging Strike 1-2: Ball 2-2: Foul Ball, location: 2F 2-2: Foul Ball, location: 2F 2-2: Strikes out looking
|
Top of the 1st over - 3 run(s), 4 hit(s), 0 error(s), 1 left on base; Orlando 3 - Boston 0 |
BOTTOM OF THE 1ST |
Boston Rebels batting - Pitching for Orlando Calrissian : RHP Jorge Jiménez
|
Pitching: RHP Jorge Jiménez
|
|
Batting: RHB Ángel Garza
|
0-0: Ball 1-0: Foul Ball, location: 2F 1-1: Foul Ball, location: 2F 1-2: Ball 2-2: SINGLE (Groundball, 23) (infield hit)
|
Batting: LHB Bill Wilson
|
0-0: Ball 1-0: Ball 2-0: Fielders Choice at 2nd, 4-6 (Groundball, 4)
|
Batting: LHB Lorenzo Flores
|
0-0: DOUBLE (Flyball, 89D) Bill Wilson to third
|
Batting: LHB Miguel Rivería
|
0-0: Ball 1-0: Called Strike 1-1: Foul Ball, location: 2F 1-2: Fly out, F8 (Flyball, 8LM) Runner from 3rd tags up, SCORES, no throw
|
Batting: RHB John Mendelson
|
0-0: Swinging Strike 0-1: Called Strike 0-2: Ground out 6-3 (Groundball, 6)
|
Bottom of the 1st over - 1 run(s), 2 hit(s), 0 error(s), 1 left on base; Orlando 3 - Boston 1 |
TOP OF THE 2ND |
Orlando Calrissian batting - Pitching for Boston Rebels : RHP Rusty van Rhee
|
Batting: SHB Brian Price
|
0-0: Called Strike 0-1: Ball 1-1: Ball 2-1: DOUBLE (Line Drive, 78XD)
|
Batting: RHB Jesús Gonzáles
|
0-0: SINGLE (Line Drive, 9S) Brian Price to third Runner from 3rd tries for Home, SAFE, no throw
|
Batting: RHB José Pérez
|
0-0: SINGLE (Line Drive, 89M) Jesús Gonzáles to second Runner from 2nd tries for 3rd, SAFE, no throw
|
Batting: SHB Cristo Ontiveros
|
0-0: Ball 1-0: SINGLE (Line Drive, 6MD) Jesús Gonzáles scores José Pérez to second
|
Batting: RHB Rich Anderson
|
0-0: Swinging Strike 0-1: Ball 1-1: Ball 2-1: Foul Ball, location: 2F 2-2: Foul Ball, location: 2F 2-2: Ball 3-2: SINGLE (Groundball, 4D) José Pérez to third Cristo Ontiveros to second Runner from 3rd tries for Home, SAFE, no throw
|
Batting: SHB Tim Abbott
|
0-0: Foul Ball, location: 2F 0-1: Called Strike 0-2: Ball 1-2: Foul Ball, location: 2F 1-2: Ball 2-2: Ball 3-2: Strikes out looking
|
Batting: LHB Santiago Márquez
|
0-0: Grounds into double play, 3-6-3 (Groundball, 34)
|
Top of the 2nd over - 3 run(s), 5 hit(s), 0 error(s), 1 left on base; Orlando 6 - Boston 1 |
BOTTOM OF THE 2ND |
Boston Rebels batting - Pitching for Orlando Calrissian : RHP Jorge Jiménez
|
Batting: LHB Arturo Molina
|
0-0: Ground out 4-3 (Groundball, 4)
|
Batting: LHB Frank Jackson
|
0-0: Called Strike 0-1: Swinging Strike 0-2: Ball 1-2: Ball 2-2: Strikes out swinging
|
Batting: RHB Alberto Ramos
|
0-0: Ball 1-0: Swinging Strike 1-1: Ball 2-1: Foul Ball, location: 2F 2-2: Foul Ball, location: 2F 2-2: Foul Ball, location: 2F 2-2: Ground out 5-3 (Groundball, 56)
|
Bottom of the 2nd over - 0 run(s), 0 hit(s), 0 error(s), 0 left on base; Orlando 6 - Boston 1 |
TOP OF THE 3RD |
Orlando Calrissian batting - Pitching for Boston Rebels : RHP Rusty van Rhee
|
Batting: RHB Frederico Hernández
|
0-0: Called Strike 0-1: Foul Ball, location: 2F 0-2: Ball 1-2: Ball 2-2: Ball 3-2: Base on Balls
|
Batting: RHB Júlio Negrón
|
0-0: Swinging Strike 0-1: Foul Ball, location: 2F 0-2: Fielders Choice at 2nd, 6-4 (Groundball, 56)
|
Batting: SHB Brian Price
|
0-0: Swinging Strike 0-1: Ball 1-1: Foul Ball, location: 2F 1-2: Ball 2-2: Foul Ball, location: 2F 2-2: Ball 3-2: Foul Ball, location: 2F 3-2: Base on Balls Júlio Negrón to second
|
Batting: RHB Jesús Gonzáles
|
0-0: Ball 1-0: Ball Balk! Júlio Negrón to third Brian Price to second 2-0: Foul Ball, location: 2F 2-1: Foul Ball, location: 2F 2-2: Ball 3-2: Base on Balls
|
Batting: RHB José Pérez
|
0-0: Ball 1-0: Called Strike 1-1: Ball 2-1: Grounds into double play, 6-4-3 (Groundball, 6)
|
Top of the 3rd over - 0 run(s), 0 hit(s), 0 error(s), 2 left on base; Orlando 6 - Boston 1 |
BOTTOM OF THE 3RD |
Boston Rebels batting - Pitching for Orlando Calrissian : RHP Jorge Jiménez
|
Batting: RHB Aaron Washington
|
0-0: SINGLE (Line Drive, 56)
|
Batting: RHB Ángel Garza
|
0-0: Ball 1-0: Fly out, F3 (Popup, 3)
|
Batting: LHB Bill Wilson
|
0-0: Ball 1-0: Ball 2-0: Ball 3-0: Called Strike 3-1: Base on Balls Aaron Washington to second
|
Batting: LHB Lorenzo Flores
|
0-0: Ball 1-0: SINGLE (Line Drive, 34D) Aaron Washington to third Bill Wilson to second
|
Batting: LHB Miguel Rivería
|
0-0: Ball 1-0: Ball 2-0: SINGLE (Line Drive, 9S) Aaron Washington scores Bill Wilson to third Lorenzo Flores to second Runner from 3rd tries for Home, SAFE, no throw
|
Batting: RHB John Mendelson
|
0-0: Ball 1-0: Called Strike 1-1: Foul Ball, location: 2F 1-2: Ball 2-2: Strikes out swinging
|
Batting: LHB Arturo Molina
|
0-0: Called Strike 0-1: Called Strike 0-2: Ground out U3 (Groundball, 3L)
|
Bottom of the 3rd over - 2 run(s), 3 hit(s), 0 error(s), 2 left on base; Orlando 6 - Boston 3 |
TOP OF THE 4TH |
Orlando Calrissian batting - Pitching for Boston Rebels : RHP Rusty van Rhee
|
Batting: SHB Cristo Ontiveros
|
0-0: Called Strike 0-1: Called Strike 0-2: Fly out, F8 (Flyball, 8LS)
|
Batting: RHB Rich Anderson
|
0-0: Foul Ball, location: 2F 0-1: Ground out 5-3 (Groundball, 56)
|
Batting: SHB Tim Abbott
|
0-0: Called Strike 0-1: Swinging Strike 0-2: Ball 1-2: Ball 2-2: Ball 3-2: Foul Ball, location: 2F 3-2: Strikes out looking
|
Top of the 4th over - 0 run(s), 0 hit(s), 0 error(s), 0 left on base; Orlando 6 - Boston 3 |
BOTTOM OF THE 4TH |
Boston Rebels batting - Pitching for Orlando Calrissian : RHP Jorge Jiménez
|
Batting: LHB Frank Jackson
|
0-0: Foul Ball, location: 2F 0-1: Fly out, F8 (Flyball, 8RM)
|
Batting: RHB Alberto Ramos
|
0-0: Ball 1-0: Ball 2-0: SINGLE (Groundball, 13S) (infield hit)
|
Batting: RHB Aaron Washington
|
0-0: Swinging Strike 0-1: SINGLE (Line Drive, 4D) Alberto Ramos to second
|
Batting: RHB Ángel Garza
|
0-0: Ball 1-0: Foul Ball, location: 2F 1-1: Fly out, F9 (Flyball, 9)
|
Batting: LHB Bill Wilson
|
0-0: Foul Ball, location: 2F 0-1: DOUBLE (Groundball, 5L) Alberto Ramos scores Aaron Washington to third
|
Batting: LHB Lorenzo Flores
|
0-0: Called Strike 0-1: Foul Ball, location: 2F 0-2: Ball 1-2: Ball 2-2: Ball 3-2: Foul Ball, location: 2F 3-2: Foul Ball, location: 2F 3-2: Base on Balls
|
Batting: LHB Miguel Rivería
|
0-0: Called Strike 0-1: Swinging Strike 0-2: Reached on error, E3 (Groundball, 34) Aaron Washington scores Bill Wilson to third Lorenzo Flores to second
|
Batting: RHB John Mendelson
|
0-0: Ball 1-0: Ball 2-0: Ball 3-0: Base on Balls Bill Wilson scores Lorenzo Flores to third Miguel Rivería to second
|
Batting: LHB Arturo Molina
|
0-0: Ball 1-0: Foul Ball, location: 2F 1-1: Ball 2-1: Foul Ball, location: 2F 2-2: Foul Ball, location: 2F 2-2: Ball 3-2: Ground out 4-3 (Groundball, 4D)
|
Bottom of the 4th over - 3 run(s), 3 hit(s), 1 error(s), 3 left on base; Orlando 6 - Boston 6 |
TOP OF THE 5TH |
Orlando Calrissian batting - Pitching for Boston Rebels : RHP Rusty van Rhee
|
Pitching: RHP Fernando Silva
|
|
Batting: LHB Santiago Márquez
|
0-0: Ball 1-0: Ball 2-0: Reached via error on a dropped throw, E1
|
Batting: RHB Frederico Hernández
|
0-0: Ball 1-0: Called Strike 1-1: Called Strike 1-2: Ball 2-2: Ball 3-2: Base on Balls Santiago Márquez to second
|
Batting: RHB Júlio Negrón
|
0-0: Ball Passed Ball! Santiago Márquez to third Frederico Hernández to second 1-0: Ball 2-0: Called Strike 2-1: Fly out, F9 (Flyball, 9) Runner from 3rd tags up, SCORES, throw made
|
Batting: SHB Brian Price
|
0-0: Foul Ball, location: 2F 0-1: Ball 1-1: Foul Ball, location: 2F 1-2: Foul Ball, location: 2F 1-2: Foul Ball, location: 2F 1-2: Fly out, F8 (Flyball, 8RM)
|
Batting: RHB Jesús Gonzáles
|
0-0: Swinging Strike 0-1: SINGLE (Groundball, 34D) Frederico Hernández to third Runner from 3rd tries for Home, SAFE, throw made home Jesús Gonzáles to second
|
Batting: RHB José Pérez
|
0-0: Ball 1-0: Ball 2-0: Swinging Strike 2-1: Called Strike 2-2: Strikes out swinging
|
Top of the 5th over - 2 run(s), 1 hit(s), 1 error(s), 1 left on base; Orlando 8 - Boston 6 |
BOTTOM OF THE 5TH |
Boston Rebels batting - Pitching for Orlando Calrissian : RHP Jorge Jiménez
|
Pitching: LHP Pepe Caro
|
|
Batting: LHB Frank Jackson
|
0-0: Called Strike 0-1: Ball 1-1: SINGLE (Line Drive, 7S)
|
Batting: RHB Alberto Ramos
|
0-0: Ball 1-0: Called Strike 1-1: SINGLE (Groundball, 6MD) Frank Jackson to second
|
Batting: RHB Aaron Washington
|
0-0: Called Strike 0-1: Ball 1-1: Ball 2-1: SINGLE (Line Drive, 4D) Frank Jackson to third Alberto Ramos to second
|
Batting: RHB Ángel Garza
|
0-0: Fly out, F7 (Flyball, 7) Runner from 3rd tags up, SCORES, no throw
|
Batting: LHB Bill Wilson
|
0-0: Called Strike 0-1: Grounds into double play, 6-4-3 (Groundball, 6)
|
Bottom of the 5th over - 1 run(s), 3 hit(s), 0 error(s), 1 left on base; Orlando 8 - Boston 7 |
TOP OF THE 6TH |
Orlando Calrissian batting - Pitching for Boston Rebels : RHP Fernando Silva
|
Batting: SHB Cristo Ontiveros
|
0-0: Called Strike 0-1: SINGLE (Flyball, 78S)
|
Batting: RHB Rich Anderson
|
0-0: Called Strike 0-1: Swinging Strike 0-2: Ball 1-2: Foul Ball, location: 2F 1-2: Foul Ball, location: 2F 1-2: Foul Ball, location: 2F 1-2: Foul Ball, location: 2F 1-2: Ball 2-2: Foul Ball, location: 2F 2-2: Strikes out swinging
|
Pitching: LHP Joseph Byrne
|
|
Batting: SHB Tim Abbott
|
0-0: SINGLE (Line Drive, 3L) Cristo Ontiveros to second
|
Batting: LHB Santiago Márquez
|
0-0: Ball 1-0: Ball 2-0: Foul Ball, location: 2F 2-1: Ball 3-1: Foul Ball, location: 2F 3-2: Single, Error in OF, E9, batter to second base Cristo Ontiveros scores Tim Abbott to third
|
Batting: RHB Frederico Hernández
|
0-0: Intentional Walk
|
Batting: RHB Júlio Negrón
|
0-0: Ball 1-0: Ball 2-0: Foul Ball, location: 2F 2-1: Foul Ball, location: 2F 2-2: Strikes out swinging
|
Batting: SHB Brian Price
|
0-0: Ball 1-0: Ball 2-0: Swinging Strike 2-1: Fly out, F8 (Flyball, 8RM)
|
Top of the 6th over - 1 run(s), 3 hit(s), 1 error(s), 3 left on base; Orlando 9 - Boston 7 |
BOTTOM OF THE 6TH |
Boston Rebels batting - Pitching for Orlando Calrissian : LHP Pepe Caro
|
Batting: LHB Lorenzo Flores
|
0-0: Ground out 4-3 (Groundball, 4)
|
Batting: LHB Miguel Rivería
|
0-0: Called Strike 0-1: Foul Ball, location: 2F 0-2: Ball 1-2: Ball 2-2: Ball 3-2: Fly out, F8 (Flyball, 8RD)
|
Batting: RHB John Mendelson
|
0-0: Ball 1-0: Ball 2-0: SINGLE (Flyball, 78S)
|
Batting: LHB Arturo Molina
|
0-0: Ball 1-0: Foul Ball, location: 2F 1-1: Ball 2-1: Ground out 6-3 (Groundball, 6S)
|
Bottom of the 6th over - 0 run(s), 1 hit(s), 0 error(s), 1 left on base; Orlando 9 - Boston 7 |
TOP OF THE 7TH |
Orlando Calrissian batting - Pitching for Boston Rebels : LHP Joseph Byrne
|
Batting: RHB Jesús Gonzáles
|
0-0: Foul Ball, location: 2F 0-1: Swinging Strike 0-2: Strikes out looking
|
Batting: RHB José Pérez
|
0-0: Ground out 6-3 (Groundball, 6M)
|
Batting: SHB Cristo Ontiveros
|
0-0: Called Strike 0-1: Ground out 5-3 (Groundball, 56)
|
Top of the 7th over - 0 run(s), 0 hit(s), 0 error(s), 0 left on base; Orlando 9 - Boston 7 |
BOTTOM OF THE 7TH |
Boston Rebels batting - Pitching for Orlando Calrissian : LHP Pepe Caro
|
Batting: LHB Frank Jackson
|
0-0: Fly out, F9 (Flyball, 9S)
|
Batting: RHB Alberto Ramos
|
0-0: Ball 1-0: Ball 2-0: Foul Ball, location: 2F 2-1: Ball 3-1: Ground out 1-3 (Groundball, 13S)
|
Batting: RHB Aaron Washington
|
0-0: Swinging Strike 0-1: Called Strike 0-2: Foul Ball, location: 2F 0-2: Foul Ball, location: 2F 0-2: Ball 1-2: Strikes out swinging
|
Bottom of the 7th over - 0 run(s), 0 hit(s), 0 error(s), 0 left on base; Orlando 9 - Boston 7 |
TOP OF THE 8TH |
Orlando Calrissian batting - Pitching for Boston Rebels : LHP Joseph Byrne
|
Batting: RHB Rich Anderson
|
0-0: SINGLE (Groundball, 4MD)
|
Batting: SHB Tim Abbott
|
0-0: Ball 1-0: Foul Ball, location: 2F 1-1: Ball 2-1: Ball 3-1: Grounds into double play, 6-4-3 (Groundball, 56)
|
Batting: LHB Santiago Márquez
|
0-0: Called Strike 0-1: Ground out 2-3 (Groundball, 2L)
|
Top of the 8th over - 0 run(s), 1 hit(s), 0 error(s), 0 left on base; Orlando 9 - Boston 7 |
BOTTOM OF THE 8TH |
Boston Rebels batting - Pitching for Orlando Calrissian : LHP Pepe Caro
|
Batting: RHB Ángel Garza
|
0-0: Called Strike 0-1: Fly out, F8 (Flyball, 8LD)
|
Batting: LHB Bill Wilson
|
0-0: Called Strike 0-1: Swinging Strike 0-2: Ball 1-2: Ball 2-2: Ball 3-2: Foul Ball, location: 2F 3-2: Foul Ball, location: 2F 3-2: Strikes out looking
|
Batting: LHB Lorenzo Flores
|
0-0: Called Strike 0-1: Foul Ball, location: 2F 0-2: Ball 1-2: DOUBLE (Flyball, 89D)
|
Pitching: RHP Will Huggins
|
|
Batting: LHB Miguel Rivería
|
0-0: Ball 1-0: Called Strike 1-1: Foul Ball, location: 2F 1-2: Ball 2-2: Foul Ball, location: 2F 2-2: Foul Ball, location: 2F 2-2: Ball 3-2: Foul Ball, location: 2F 3-2: SINGLE (Line Drive, 4D) Lorenzo Flores to third Lorenzo Flores scores
|
Pitching: RHP Dave Heath
|
|
Batting: RHB John Mendelson
|
0-0: Ball 1-0: Ball 2-0: Foul Ball, location: 2F 2-1: Ball 3-1: Fly out, F6 (Popup, 6D)
|
Bottom of the 8th over - 1 run(s), 2 hit(s), 0 error(s), 1 left on base; Orlando 9 - Boston 8 |
TOP OF THE 9TH |
Orlando Calrissian batting - Pitching for Boston Rebels : LHP Joseph Byrne
|
Pitching: RHP Tony Rocha
|
|
Batting: RHB Frederico Hernández
|
0-0: Ball 1-0: Swinging Strike 1-1: Ball 2-1: Ball 3-1: Foul Ball, location: 2F 3-2: Strikes out looking
|
Batting: RHB Júlio Negrón
|
0-0: Called Strike 0-1: Called Strike 0-2: Strikes out swinging
|
Batting: SHB Brian Price
|
0-0: Ball 1-0: Called Strike 1-1: Swinging Strike 1-2: Foul Ball, location: 2F 1-2: Foul Ball, location: 2F 1-2: Foul Ball, location: 2F 1-2: Ball 2-2: Fly out, F8 (Flyball, 89M)
|
Top of the 9th over - 0 run(s), 0 hit(s), 0 error(s), 0 left on base; Orlando 9 - Boston 8 |
BOTTOM OF THE 9TH |
Boston Rebels batting - Pitching for Orlando Calrissian : RHP Dave Heath
|
Pitching: LHP Xavier Velázquez
|
|
Now at 1B: Jaime Montés
|
|
Pinch Hitting: RHB Pedro Rodríguez
|
0-0: Foul Ball, location: 2F 0-1: Foul Ball, location: 2F 0-2: Ball 1-2: Ball 2-2: Foul Ball, location: 2F 2-2: Strikes out swinging
|
Batting: LHB Frank Jackson
|
0-0: Ball 1-0: Foul Ball, location: 2F 1-1: Called Strike 1-2: Ball 2-2: Strikes out looking
|
Batting: RHB Alberto Ramos
|
0-0: Swinging Strike 0-1: Foul Ball, location: 2F 0-2: Foul Ball, location: 2F 0-2: SINGLE (Groundball, 6) (infield hit)
|
Batting: RHB Aaron Washington
|
0-0: Called Strike 0-1: Ball 1-1: Ball 2-1: Ball 3-1: Called Strike 3-2: Strikes out swinging
|
Bottom of the 9th over - 0 run(s), 1 hit(s), 0 error(s), 1 left on base; Orlando 9 - Boston 8 |
|